cohdb
Replays
Latest Replays
All Replays
Popular Replays
Top Player Replays
Match Explorer
How It Works
Community
CoH3 Stats
Reddit
Sign in to upload your games and track your stats! →
Sign in with Steam
Match 43214785
Unlisted
Match 43214785
Overview
Messages
Build Orders
End
Scout Squad
Construct Barracks
Riflemen Squad
Riflemen Squad
Riflemen Squad
Grenade Package
Infantry Support Center
Construct Motor Pool
M1 Anti-tank Gun Team
M8 Greyhound Armored Car
M1918 Browning Automatic Rifles
Engineer Squad
M1 Mortar Team
M1 Anti-tank Gun Team
Advanced Logistics
Selects Heavy Weapons
Selects Assault Carriers
Selects Exchangeable Parts
Selects M26 Pershing Heavy Tank
M26 Pershing Heavy Tank
Scout Squad
Selects M2HB .50cal Heavy Machine Gun
Engineer Squad
Engineer Squad
Survival Training
Riflemen Squad
Selects Rapid Reposition
Selects Black Dragon Artillery Barrage
Riflemen Squad
Engineer Squad
Black Dragon Artillery Barrage
李小凡
Legionary
Lutze
Nico-Nico-Nii~~
0
0
Comments
sign in to comment!
No comments posted yet!